 Dungeon Crawl Stone Soup version 0.29.1-15-g9cfb28693d (webtiles) character file.

Game seed: 4317282184668957777

335 CatalinOSBI the Chopper (level 6, -3/84 HPs)
             Began as a Minotaur Berserker on Apr 11, 2023.
             Was a Believer of Trog.
             Slain by an orc warrior
             ... wielding a +0 scimitar
              (12 damage)
             ... on level 6 of the Dungeon.
             The game lasted 00:08:10 (2644 turns).

CatalinOSBI the Chopper (Minotaur Berserker)        Turns: 2644, Time: 00:08:11

Health: -3/84      AC:  9    Str: 24    XL:     6   Next: 28%
Magic:  5/5        EV: 11    Int:  4    God:    Trog [**....]
Gold:   89         SH:  0    Dex: 15    Spells: 5/5 levels left

rFire   . . .      SeeInvis .   a - +0 hand axe
rCold   . . .      Faith    .   (no shield)
rNeg    . . .      Spirit   .   d - +1 scale mail
rPois   .          Reflect  .   (helmet restricted)
rElec   .          Harm     .   (no cloak)
rCorr   .          Rampage  .   c - +0 pair of gloves
Will    .....                   (no boots)
Stlth   ..........              (no amulet)
HPRegen 0.24/turn               f - +6 ring of dexterity
MPRegen 0.09/turn               (no ring)

@: berserking (expiring), very quick
A: horns 2, retaliatory headbutt
a: Renounce Religion, Berserk, Trog's Hand


You were on level 6 of the Dungeon.
You worshipped Trog.
Trog was pleased with you.
You visited 1 branch of the dungeon, and saw 4 of its levels.

You collected 89 gold pieces.

Inventory:

Hand Weapons
 a - a +0 hand axe (weapon)
 b - a +0 shortbow
Armour
 c - a +0 pair of gloves (worn)
 d - a +1 scale mail (worn)
 h - a +0 ring mail
 l - a +0 animal skin
Jewellery
 f - a +6 ring of dexterity (left hand)
Potions
 g - a potion of resistance


   Skills:
 + Level 5.1 Fighting
 * Level 6.7 Axes
 + Level 4.3 Armour
 - Level 2.1 Dodging


You had 5 spell levels left.
You didn't know any spells.
Your spell library was empty.

Dungeon Overview and Level Annotations

Branches:
Dungeon (3/15)

Altars:


Innate Abilities, Weirdness & Mutations

You have a pair of horns on your head.
You reflexively headbutt those who attack you in melee.


Message History

The orc warrior shoots a bolt.
The bolt hits you.
a - a +0 hand axe (weapon)
The orc warrior shoots a bolt.
The bolt hits you!
The orc warrior shoots a bolt.
The bolt barely misses you.
Items here: )))) [ ††.
An orc comes into view. It is wielding a +0 flail.
The orc warrior shoots a bolt.
The bolt hits you!
* * * LOW HITPOINT WARNING * * *
You hear a shout!
A red film seems to cover your vision as you go berserk!
You feel yourself moving faster!
You feel mighty!
You hear a shout!
An orc comes into view. It is wielding a +0 mace.
The orc warrior shoots a bolt.
The bolt completely misses you.
You feel a strong urge to attack something.
The orc warrior unwields a +0 arbalest.
The orc warrior wields a +0 scimitar.
The orc warrior hits you with a +0 scimitar!
* * * LOW HITPOINT WARNING * * *
You hit the orc warrior.
The orc warrior is lightly wounded.
You closely miss the orc warrior. Your headbutt misses the orc warrior.
The orc warrior is lightly wounded.
The orc warrior barely misses you.
You closely miss the orc warrior.
The orc warrior is lightly wounded.
The orc warrior hits you with a +0 scimitar.
* * * LOW HITPOINT WARNING * * *
You closely miss the orc warrior. You headbutt the orc warrior!
The orc warrior is heavily wounded.
An orc comes into view. It is wielding a +0 flail.
You slash the orc warrior!
The orc warrior is severely wounded.
You closely miss the orc. The orc warrior barely misses you.
You hit the orc warrior.
The orc warrior is almost dead.
You slash the orc!
You kill the orc!
Trog accepts your kill.
The orc warrior hits you with a +0 scimitar!
You die...

#...# #...# #...# #.
#...### .# ###
#..... #..#
###.###...# #...
#....##.).#
#.#.##.##.).@o.#
#...#..####..o....o.
#....## ##...######
#..)## #....#
...#.#..####...##
#........#..#.# #
###......#..#.# .
#.........#.## .
.###............##


You could see an orc warrior and 2 orcs.

Vanquished Creatures
  A sky beast (D:6)
  An ogre (D:6)
  A hound (D:6)
  A jelly (D:6)
  An orc wizard (D:6)
  An adder (D:6)
  A shadow imp (D:6)
  A white imp (D:6)
  A worm (D:2)
  4 orcs (D:6)
  3 ball pythons (D:1)
  3 endoplasms
  A giant cockroach (D:1)
  8 goblins
  2 hobgoblins
  2 kobolds
  2 quokkas
  8 bats
  2 frilled lizards (D:1)
  6 rats
50 creatures vanquished.

Notes
Turn   | Place    | Note
-------+----------+-------------------------------------------
     0 | D:1      | CatalinOSBI the Minotaur Berserker began the quest for the
                  | Orb.
     0 | D:1      | Reached XP level 1. HP: 19/19 MP: 0/0
   167 | D:1      | Reached skill level 4 in Axes
   181 | D:1      | Reached XP level 2. HP: 27/27 MP: 1/1
  1006 | D:1      | Reached XP level 3. HP: 33/33 MP: 2/2
  1153 | D:2      | Reached ** piety under Trog
  1352 | D:2      | Found a faded altar of an unknown god.
  2251 | D:3      | You fall into a shaft and drop 3 floors!
  2272 | D:6      | Reached skill level 5 in Axes
  2272 | D:6      | Reached XP level 4. HP: 40/40 MP: 3/3
  2277 | D:6      | Noticed an ogre
  2278 | D:6      | Noticed a sky beast
  2309 | D:6      | Killed an ogre
  2310 | D:6      | Reached XP level 5. HP: 45/47 MP: 4/4
  2314 | D:6      | Killed a sky beast
  2315 | D:6      | Reached skill level 6 in Axes
  2316 | D:6      | Reached skill level 5 in Fighting
  2316 | D:6      | Reached XP level 6. HP: 56/56 MP: 5/5
  2631 | D:6      | Noticed an orc warrior
  2644 | D:6      | Slain by an orc warrior

Illustrated notes

Levels and vault maps discovered:
D:1:      dpeg_arrival_pits, layout_basic
D:2:      layout_loops_ring, dreamdust_ecumenical_altar_statues
D:3:      layout_loops_ring, hangedman_decor_diamond_cutter, minivault_4
D:6:      layout_rooms, corexii_corridor_pit

Skill      XL: |  1  2  3  4  5 |
---------------+----------------+-----
Axes           | 4 5 6 |  6.7
Fighting       | 4 5 |  5.1
Armour         | 3 4 |  4.3
Dodging        | |  2.1

Action                   |  1- 3 |  4- 6 || total
-------------------------+-------+-------++-------
Melee: Hand axe          |    71 |    32 ||   103
       Headbutt          |    11 |     8 ||    19
 Fire: Shortbow          |     4 |     9 ||    13
Invok: Berserk           |       |     2 ||     2
       Trog's Hand       |       |     1 ||     1
  Use: Scroll            |     4 |       ||     4
       Potion            |     3 |       ||     3
Armor: Scale mail        |    28 |     7 ||    35
Dodge: Dodged            |    36 |    13 ||    49
